Kings vs Senateurs

Created - 14 avril 2020 at 17:33

Goals
1 2 3 OT1 SO T
Kings 0 1 1 0 0 2
Senateurs 0 0 2 0 2 3
Shots
1 2 3 OT1 SO T
Kings 7 15 15 2 2 39
Senateurs 10 3 17 3 2 33

1st period

No Goal

Penalties :
Ryan Hartman (OTT) for Hooking (Minor) at 3:46, Jake McCabe (OTT) for Holding (Minor) at 7:20, Erik Haula (OTT) for Hooking (Minor) at 9:56, Erik Haula (OTT) for Tripping (Minor) at 12:46, Shea Weber (LAK) for Hooking (Minor) at 17:26

2nd period

1. Kings , Alexander Radulov 36 (Brian Dumoulin 26, Alex Ovechkin 35) at 2:45

Penalties :
Alex Goligoski (LAK) for Hooking (Minor) at 10:03, Dougie Hamilton (OTT) for Interference (Minor) at 17:13

3rd period

2. Senateurs , Steven Stamkos 40 (Jake Virtanen 22, Dougie Hamilton 33) at 3:35 (SH)
3. Senateurs , Frans Nielsen 22 (Dougie Hamilton 34, Dustin Brown 25) at 11:59
4. Kings , Taro Hirose 1 (Alex Goligoski 8, Zack Smith 13) at 19:02

Penalties :
Jake McCabe (OTT) for Slashing (Minor) at 0:03, Dustin Brown (OTT) for Tripping (Minor) at 3:26, Jake Virtanen (OTT) for Roughing (Minor) at 19:25

Overtime #1

No Goal

Penalties :
No Penalty

Shootout

Kings, Alexander Radulov - Shot Misses the Net
Senateurs, Steven Stamkos - Goal!
Kings, Artemi Panarin - Stopped by Mike Smith
Senateurs, Dustin Brown - Goal!

Penalties :
No Penalty

Goalie Stats

Semyon Varlamov (LAK), 31 saves from 33 shots - (0,939), OTL, 11-9-6, 64:58 minutes
Mike Smith (OTT), 37 saves from 39 shots - (0,949), W, 29-20-8, 65:00 minutes

Players Stats for Kings

Player Name              G  A  P  +/- PIM S  H  SB GA TA FO     MP     PP MP  PK MP  
------------------------------------------------------------------------------------
Alex Goligoski           0  1  1   0  2   0  1  5  0  0  0/0    27:59   9:01   0:00 
Alex Ovechkin            0  1  1   0  0   2  2  1  1  0  0/1    22:04   6:20   2:12 
Alexander Radulov        1  0  1   0  0   4  2  0  2  1  0/1    18:54   6:20   0:00 
Artem Anisimov           0  0  0   0  0   0  1  1  0  0  2/16   19:24   6:08   0:12 
Artemi Panarin           0  0  0  -1  0   9  3  0  1  2  0/4    21:12   7:52   0:00 
Artturi Lehkonen         0  0  0   1  0   4  2  0  0  0  0/0    13:26   0:30   1:34 
Brian Dumoulin           0  1  1   1  0   2  0  0  1  0  0/0    24:58   5:18   2:31 
Carl Dahlstrom           0  0  0  -1  0   0  1  1  0  0  0/0    10:32   0:08   1:27 
Carter Rowney            0  0  0   0  0   0  1  0  1  0  0/0     7:02   0:15   0:00 
Danny DeKeyser           0  0  0  -1  0   0  2  0  0  0  0/0    11:34   0:08   1:27 
Jonas Brodin             0  0  0   1  0   1  1  1  0  2  0/0    23:47   5:18   2:31 
Nikolay Goldobin         0  0  0   0  0   0  0  0  1  0  0/0     6:45   0:00   0:00 
Sean Kuraly              0  0  0   0  0   0  0  0  0  0  0/0     7:11   0:12   0:12 
Shea Weber               0  0  0   0  2   6  1  1  0  0  0/0    28:41   9:01   0:00 
Taro Hirose              1  0  1   1  0   3  0  0  0  0  0/0    11:50   0:00   0:00 
Tomas Hertl              0  0  0  -1  0   3  1  1  0  1  16/42  24:29   7:52   2:12 
Tyler Johnson            0  0  0  -1  0   4  0  0  0  0  1/1    20:53   7:52   0:00 
Zack Smith               0  1  1   1  0   1  0  0  0  0  3/9    12:30   0:00   1:34 

Players Stats for Senateurs

Player Name              G  A  P  +/- PIM S  H  SB GA TA FO     MP     PP MP  PK MP  
------------------------------------------------------------------------------------
Christian Folin          0  0  0   0  0   0  1  3  0  0  0/0    20:16   0:45   5:40 
Devin Shore              0  0  0   0  0   1  1  1  0  1  0/0     9:59   0:19   0:00 
Dougie Hamilton          0  2  2   0  2   4  5  4  0  0  0/0    31:27   3:13   8:28 
Dustin Brown             0  1  1   0  2   3  0  1  1  1  2/4    22:30   2:43   7:04 
Erik Gustafsson          0  0  0   0  0   1  1  2  1  0  0/0    20:35   0:45   5:23 
Erik Haula               0  0  0   0  4   0  1  1  0  0  4/5    10:38   0:19   0:32 
Frans Nielsen            1  0  1   1  0   2  2  1  0  0  15/19  16:38   0:37   4:30 
Jake McCabe              0  0  0   0  4   0  1  3  0  1  0/0    29:58   3:13   7:37 
Jake Virtanen            0  1  1   1  2   0  2  0  0  0  0/1    11:49   0:00   2:28 
Jakub Voracek            0  0  0  -2  0   7  2  1  2  3  1/3    21:30   3:02   4:30 
Jared McCann             0  0  0  -1  0   0  0  1  0  0  0/0    15:57   0:56   2:02 
Karl Alzner              0  0  0   0  0   0  0  0  0  0  0/0    10:49   0:00   0:24 
Loui Eriksson            0  0  0   0  0   4  1  0  0  0  0/1     8:45   0:00   0:00 
Lucas Wallmark           0  0  0   0  0   0  0  0  0  0  2/4     8:45   0:00   0:00 
Ryan Hartman             0  0  0   0  2   1  2  0  1  0  0/0     9:35   0:19   0:27 
Steven Stamkos           1  0  1  -1  0   9  1  2  1  0  28/37  25:59   3:02   8:46 
Tanner Pearson           0  0  0   1  0   0  0  0  0  1  0/0    11:24   0:37   0:00 
Trevor van Riemsdyk      0  0  0   0  0   1  0  1  0  0  0/0    14:10   0:00   4:12 

3 Stars

1 - Mike Smith (OTT)
2 - Frans Nielsen (OTT)
3 - Dougie Hamilton (OTT)

Power Play

Kings - 0 on 8 Attempt(s) - 0,00%
Senateurs - 0 on 2 Attempt(s) - 0,00%

Penalty Kill

Kings - 2 on 2 Attempt(s) - 100,00% - Score 0 goal in Penalty Kill
Senateurs - 8 on 8 Attempt(s) - 100,00% - Score 1 goal in Penalty Kill

Team Stat

Kings - Hits : 18 - Faceoff Wins : 22 - Blocked Shots : 11 - Penalty Minutes : 4
Senateurs - Hits : 20 - Faceoff Wins : 52 - Blocked Shots : 21 - Penalty Minutes : 16

Official

Referees : Jon Mclsaac and Francis Charron
Linesman : Darren Gibbs and Ryan Gibbons

Game Notes

No Game Note

Finance

Level 1 -- Attendance: 6000 (100,00%) -- Ticket Income 540 000 $
Level 2 -- Attendance: 4455 (89,10%) -- Ticket Income 245 025 $
Level 3 -- Attendance: 1761 (88,05%) -- Ticket Income 58 113 $
Level 4 -- Attendance: 3641 (91,03%) -- Ticket Income 65 538 $
Luxury Box -- Attendance: 971 (97,10%) -- Ticket Income 174 780 $
Game was played at the Place Banque Scottia.
Total Attendance: 16828 (93,49%)
Total Ticket Income: 1 083 456 $
Other Income: 530 893 $
Total Income: 1 614 349 $

Kings

5 vs 5 Forward 
   Center                   Left Wing                Right Wing               Time % Phy DF OF 
 1 Tomas Hertl              Tyler Johnson            Artemi Panarin           36     0   1  4  
 2 Artem Anisimov           Alex Ovechkin            Alexander Radulov        35     0   1  4  
 3 Zack Smith               Taro Hirose              Artturi Lehkonen         21     1   2  2  
 4 Sean Kuraly              Nikolay Goldobin         Carter Rowney            8      1   2  2  

5 vs 5 Defense 
   Defense                  Defense                                           Time % Phy DF OF 
 1 Shea Weber               Alex Goligoski                                    40     1   3  1  
 2 Jonas Brodin             Brian Dumoulin                                    36     1   3  1  
 3 Carl Dahlstrom           Danny DeKeyser                                    24     1   3  1  
 4 Alex Goligoski           Shea Weber                                        0      1   3  1  

PowerPlay Forward 
   Center                   Left Wing                Right Wing               Time % Phy DF OF 
 1 Tomas Hertl              Tyler Johnson            Artemi Panarin           60     0   1  4  
 2 Artem Anisimov           Alex Ovechkin            Alexander Radulov        40     0   1  4  

PowerPlay Defense
   Defense                  Defense                                           Time % Phy DF OF 
 1 Shea Weber               Alex Goligoski                                    60     1   1  3  
 2 Jonas Brodin             Brian Dumoulin                                    40     1   1  3  

Penalty Kill 4 Players Forward 
   Center                   Wing                     Time % Phy DF OF 
 1 Zack Smith               Artturi Lehkonen         60     1   4  0  
 2 Sean Kuraly              Artturi Lehkonen         40     1   4  0  

Penalty Kill 4 Players Defense
   Defense                  Defense                  Time % Phy DF OF 
 1 Brian Dumoulin           Jonas Brodin             60     1   4  0  
 2 Danny DeKeyser           Carl Dahlstrom           40     1   4  0  

Penalty Kill - 3 Players Forward 
   Forward                                           Time % Phy DF OF 
 1 Tomas Hertl                                       60     1   4  0  
 2 Zack Smith                                        40     1   4  0  

Penalty Kill - 3 Players Defense
   Defense                  Defense                  Time % Phy DF OF 
 1 Shea Weber               Alex Goligoski           60     1   4  0  
 2 Brian Dumoulin           Jonas Brodin             40     1   4  0  

4 vs 4 Forward 
   Center                   Wing                     Time % Phy DF OF 
 1 Tomas Hertl              Alex Ovechkin            60     0   2  3  
 2 Tyler Johnson            Alexander Radulov        40     0   2  3  

4 vs 4 Defense
   Defense                  Defense                  Time % Phy DF OF 
 1 Shea Weber               Alex Goligoski           60     0   2  3  
 2 Brian Dumoulin           Jonas Brodin             40     0   2  3  

Last Minutes Offensive
   Center                   Left Wing                Right Wing               Defense                  Defense                  
   Tomas Hertl              Alex Ovechkin            Artemi Panarin           Shea Weber               Alex Goligoski           

Last Minutes Defensive
   Center                   Left Wing                Right Wing               Defense                  Defense                  
   Tomas Hertl              Sean Kuraly              Zack Smith               Shea Weber               Alex Goligoski           

Goaltenders
Starting : Semyon Varlamov          
Backup : Jimmy Howard             

Extra Forwards
Normal : Artturi Lehkonen, Artem Anisimov, Zack Smith - PP : Artem Anisimov, Artturi Lehkonen - PK : Zack Smith
Extra Defensemen
Normal : Danny DeKeyser, Carl Dahlstrom, Brian Dumoulin - PP : Danny DeKeyser - PK : Shea Weber, Danny DeKeyser
Penalty Shots
Alexander Radulov, Artemi Panarin, Alex Ovechkin, Tomas Hertl, Tyler Johnson
Custom OT Lines Forwards
Alex Ovechkin, Tomas Hertl, Artemi Panarin, Alexander Radulov, Artem Anisimov, Taro Hirose, Tyler Johnson, Zack Smith, Artturi Lehkonen, Sean Kuraly
Custom OT Lines Defensemen
Danny DeKeyser, Shea Weber, Brian Dumoulin, Jonas Brodin, Alex Goligoski

Scratches
Luke Schenn (Right Eye Injury)

Senateurs

5 vs 5 Forward 
   Center                   Left Wing                Right Wing               Time % Phy DF OF 
 1 Steven Stamkos           Jared McCann             Jakub Voracek            34     1   2  2  
 2 Frans Nielsen            Dustin Brown             Tanner Pearson           28     1   2  2  
 3 Erik Haula               Devin Shore              Jake Virtanen            22     1   2  2  
 4 Lucas Wallmark           Loui Eriksson            Ryan Hartman             16     1   2  2  

5 vs 5 Defense 
   Defense                  Defense                                           Time % Phy DF OF 
 1 Dougie Hamilton          Jake McCabe                                       42     1   2  2  
 2 Erik Gustafsson          Christian Folin                                   32     1   2  2  
 3 Karl Alzner              Trevor van Riemsdyk                               26     1   2  2  
 4 Dougie Hamilton          Jake McCabe                                       0      1   2  2  

PowerPlay Forward 
   Center                   Left Wing                Right Wing               Time % Phy DF OF 
 1 Steven Stamkos           Dustin Brown             Jakub Voracek            60     1   2  2  
 2 Frans Nielsen            Jared McCann             Tanner Pearson           40     1   2  2  

PowerPlay Defense
   Defense                  Defense                                           Time % Phy DF OF 
 1 Dougie Hamilton          Jake McCabe                                       60     1   2  2  
 2 Erik Gustafsson          Christian Folin                                   40     1   2  2  

Penalty Kill 4 Players Forward 
   Center                   Wing                     Time % Phy DF OF 
 1 Steven Stamkos           Dustin Brown             60     1   2  2  
 2 Jakub Voracek            Frans Nielsen            40     1   2  2  

Penalty Kill 4 Players Defense
   Defense                  Defense                  Time % Phy DF OF 
 1 Dougie Hamilton          Jake McCabe              60     1   2  2  
 2 Erik Gustafsson          Christian Folin          40     1   2  2  

Penalty Kill - 3 Players Forward 
   Forward                                           Time % Phy DF OF 
 1 Steven Stamkos                                    60     1   2  2  
 2 Dustin Brown                                      40     1   2  2  

Penalty Kill - 3 Players Defense
   Defense                  Defense                  Time % Phy DF OF 
 1 Dougie Hamilton          Jake McCabe              60     1   2  2  
 2 Erik Gustafsson          Christian Folin          40     1   2  2  

4 vs 4 Forward 
   Center                   Wing                     Time % Phy DF OF 
 1 Steven Stamkos           Dustin Brown             60     1   2  2  
 2 Jakub Voracek            Frans Nielsen            40     1   2  2  

4 vs 4 Defense
   Defense                  Defense                  Time % Phy DF OF 
 1 Dougie Hamilton          Jake McCabe              60     1   2  2  
 2 Erik Gustafsson          Christian Folin          40     1   2  2  

Last Minutes Offensive
   Center                   Left Wing                Right Wing               Defense                  Defense                  
   Steven Stamkos           Dustin Brown             Jakub Voracek            Dougie Hamilton          Jake McCabe              

Last Minutes Defensive
   Center                   Left Wing                Right Wing               Defense                  Defense                  
   Steven Stamkos           Dustin Brown             Jakub Voracek            Dougie Hamilton          Jake McCabe              

Goaltenders
Starting : Mike Smith               
Backup : Cory Schneider           

Extra Forwards
Normal : Erik Haula, Devin Shore, Jake Virtanen - PP : Erik Haula, Devin Shore - PK : Jake Virtanen
Extra Defensemen
Normal : Karl Alzner, Trevor van Riemsdyk, Erik Gustafsson - PP : Karl Alzner - PK : Trevor van Riemsdyk, Erik Gustafsson
Penalty Shots
Steven Stamkos, Dustin Brown, Jakub Voracek, Frans Nielsen, Jared McCann
Custom OT Lines Forwards
Steven Stamkos, Dustin Brown, Jakub Voracek, Frans Nielsen, Jared McCann, Tanner Pearson, Erik Haula, Devin Shore, Jake Virtanen, Loui Eriksson
Custom OT Lines Defensemen
Dougie Hamilton, Jake McCabe, Erik Gustafsson, Christian Folin, Karl Alzner

Scratches
Nikita Zaitsev (Left Hand Injury), Kevin Porter (Healthy), Ryan Graves (Healthy)

% Time on Ice - Kings

Lines # - Real PCT - Wanted PCT - Time Play
Normal Forward
1 - 30% - 36% - 12:39
2 - 27% - 35% - 11:15
3 - 26% - 21% - 10:56
4 - 16% - 8% - 6:45
Normal Defense
1 - 42% - 40% - 17:39
2 - 36% - 36% - 14:59
3 - 22% - 24% - 8:57
4 - 0% - 0% - 0:00
PP Forward
1 - 56% - 60% - 8:07
2 - 44% - 40% - 6:20
PP Defense
1 - 63% - 60% - 9:09
2 - 37% - 40% - 5:18
PK Forward
1 - 95% - 60% - 3:46
2 - 5% - 40% - 0:12
PK Defense
1 - 63% - 60% - 2:31
2 - 37% - 40% - 1:27
PK3 Forward
1 - 0% - 60%
2 - 0% - 40%
PK3 Defense
1 - 0% - 60%
2 - 0% - 40%
44 Forward
1 - 99% - 60% - 1:24
2 - 1% - 40% - 0:01
44 Defense
1 - 56% - 60% - 0:48
2 - 44% - 40% - 0:37
Last Minute Offensive  - 0:00
Last Minute Defensive  - 0:00
Total
Forward - 61:25
Defense - 61:25

% Time on Ice - Senateurs

Lines # - Real PCT - Wanted PCT - Time Play
Normal Forward
1 - 32% - 34% - 13:07
2 - 25% - 28% - 10:14
3 - 22% - 22% - 9:12
4 - 21% - 16% - 8:45
Normal Defense
1 - 45% - 42% - 18:41
2 - 31% - 32% - 12:54
3 - 24% - 26% - 9:43
4 - 0% - 0% - 0:00
PP Forward
1 - 76% - 60% - 3:02
2 - 24% - 40% - 0:56
PP Defense
1 - 81% - 60% - 3:13
2 - 19% - 40% - 0:45
PK Forward
1 - 69% - 60% - 9:57
2 - 31% - 40% - 4:30
PK Defense
1 - 64% - 60% - 9:14
2 - 36% - 40% - 5:13
PK3 Forward
1 - 74% - 60% - 1:03
2 - 26% - 40% - 0:22
PK3 Defense
1 - 88% - 60% - 1:15
2 - 12% - 40% - 0:10
44 Forward
1 - 0% - 60%
2 - 0% - 40%
44 Defense
1 - 0% - 60%
2 - 0% - 40%
Last Minute Offensive  - 0:00
Last Minute Defensive  - 0:17
Total
Forward - 61:25
Defense - 61:25

Play-by-Play

1st period


0:01 of 1st period - Steven Stamkos wins face-off versus Tomas Hertl in neutral zone.
0:08 of 1st period - Snap shot by Tomas Hertl.
0:08 of 1st period - Stopped by Mike Smith without a rebound.
0:09 of 1st period - Tomas Hertl wins face-off versus Steven Stamkos in Senateurs zone.
0:18 of 1st period - Snap shot by Tomas Hertl.
0:18 of 1st period - Shot Misses the Net.
0:42 of 1st period - Snap shot by Tomas Hertl.
0:42 of 1st period - Shot Misses the Net.
0:44 of 1st period - Slapshot by Shea Weber.
0:44 of 1st period - Stopped by Mike Smith without a rebound.
0:45 of 1st period - Frans Nielsen wins face-off versus Artem Anisimov in Senateurs zone.
0:45 of 1st period - Frans Nielsen is hit by Alex Ovechkin.
0:53 of 1st period - Snap shot by Alex Ovechkin.
0:53 of 1st period - Shot Misses the Net.
0:55 of 1st period - Snap shot by Brian Dumoulin.
0:55 of 1st period - Stopped by Mike Smith with a rebound.
1:11 of 1st period - Brian Dumoulin is hit by Erik Haula and loses puck.
2:49 of 1st period - Off-side.
2:50 of 1st period - Frans Nielsen wins face-off versus Artem Anisimov in neutral zone.
2:53 of 1st period - Brian Dumoulin is hit by Frans Nielsen.
3:46 of 1st period - Minor Penalty to Ryan Hartman for Hooking.
3:47 of 1st period - Dustin Brown wins face-off versus Artemi Panarin in Senateurs zone.
4:40 of 1st period - Christian Folin is hit by Jonas Brodin and loses puck.
5:37 of 1st period - Dustin Brown is hit by Artturi Lehkonen and loses puck.
5:46 of 1st period - Penalty to Ryan Hartman is over, Ryan Hartman is back on ice.
6:04 of 1st period - Jonas Brodin is hit by Loui Eriksson and loses puck.
6:09 of 1st period - Slapshot by Dougie Hamilton.
6:09 of 1st period - Stopped by Semyon Varlamov without a rebound.
6:10 of 1st period - Zack Smith wins face-off versus Loui Eriksson in Kings zone.
6:33 of 1st period - Alex Goligoski is hit by Jake Virtanen and loses puck.
7:20 of 1st period - Minor Penalty to Jake McCabe for Holding.
7:21 of 1st period - Tomas Hertl wins face-off versus Steven Stamkos in Senateurs zone.
7:22 of 1st period - Slapshot by Artemi Panarin.
7:22 of 1st period - Deflect By Tomas Hertl.
7:22 of 1st period - Shot Blocked by Christian Folin.
7:22 of 1st period - Puck is out of play.
7:23 of 1st period - Steven Stamkos wins face-off versus Artemi Panarin in Senateurs zone.
7:32 of 1st period - Snap shot by Artemi Panarin.
7:32 of 1st period - Deflect By Tomas Hertl.
7:32 of 1st period - Shot Blocked by Christian Folin.
7:32 of 1st period - Puck is out of play.
7:33 of 1st period - Tomas Hertl wins face-off versus Steven Stamkos in Senateurs zone.
7:40 of 1st period - Wrist shot by Tomas Hertl.
7:40 of 1st period - Shot Blocked by Steven Stamkos.
8:08 of 1st period - Snap shot by Alex Ovechkin.
8:08 of 1st period - Shot Blocked by Trevor van Riemsdyk.
8:10 of 1st period - Slapshot by Alexander Radulov.
8:10 of 1st period - Shot Blocked by Steven Stamkos.
9:20 of 1st period - Penalty to Jake McCabe is over, Jake McCabe is back on ice.
9:32 of 1st period - Dustin Brown is hit by Carter Rowney and loses puck.
9:56 of 1st period - Minor Penalty to Erik Haula for Hooking.
9:57 of 1st period - Tomas Hertl wins face-off versus Jakub Voracek in Senateurs zone.
9:57 of 1st period - Backhand shot by Artemi Panarin.
9:57 of 1st period - Stopped by Mike Smith with a rebound.
9:59 of 1st period - Snap shot by Shea Weber.
9:59 of 1st period - Deflect By Artemi Panarin.
9:59 of 1st period - Stopped by Mike Smith without a rebound.
10:00 of 1st period - Tomas Hertl wins face-off versus Jakub Voracek in Senateurs zone.
11:56 of 1st period - Penalty to Erik Haula is over, Erik Haula is back on ice.
12:36 of 1st period - Slapshot by Carter Rowney.
12:36 of 1st period - Shot Misses the Net.
12:38 of 1st period - Snap shot by Sean Kuraly.
12:38 of 1st period - Shot Misses the Net.
12:46 of 1st period - Minor Penalty to Erik Haula for Tripping.
12:47 of 1st period - Steven Stamkos wins face-off versus Tomas Hertl in Senateurs zone.
13:00 of 1st period - Slapshot by Steven Stamkos.
13:00 of 1st period - Stopped by Semyon Varlamov with a rebound.
13:16 of 1st period - Snap shot by Alexander Radulov.
13:16 of 1st period - Shot Blocked by Frans Nielsen.
13:18 of 1st period - Slapshot by Artem Anisimov.
13:18 of 1st period - Shot Blocked by Dougie Hamilton.
14:29 of 1st period - Danny DeKeyser is hit by Jakub Voracek and loses puck.
14:46 of 1st period - Penalty to Erik Haula is over, Erik Haula is back on ice.
15:02 of 1st period - Slapshot by Loui Eriksson.
15:02 of 1st period - Shot Misses the Net.
16:34 of 1st period - Zack Smith is hit by Dougie Hamilton.
16:35 of 1st period - Icing by Zack Smith.
16:36 of 1st period - Steven Stamkos wins face-off versus Zack Smith in Kings zone.
17:05 of 1st period - Wrist shot by Artturi Lehkonen.
17:05 of 1st period - Stopped by Mike Smith with a rebound.
17:07 of 1st period - Slapshot by Jonas Brodin.
17:07 of 1st period - Stopped by Mike Smith without a rebound.
17:08 of 1st period - Tomas Hertl wins face-off versus Steven Stamkos in Senateurs zone.
17:26 of 1st period - Minor Penalty to Shea Weber for Hooking.
17:27 of 1st period - Zack Smith wins face-off versus Steven Stamkos in Kings zone.
17:45 of 1st period - Dougie Hamilton is hit by Artturi Lehkonen and loses puck.
18:05 of 1st period - Icing by Jake McCabe.
18:06 of 1st period - Steven Stamkos wins face-off versus Tomas Hertl in Senateurs zone.
18:11 of 1st period - Wrist shot by Dustin Brown.
18:11 of 1st period - Shot Misses the Net.
18:13 of 1st period - Slapshot by Dustin Brown.
18:13 of 1st period - Stopped by Semyon Varlamov with a rebound.
18:15 of 1st period - Snap shot by Dougie Hamilton.
18:15 of 1st period - Shot Blocked by Alex Ovechkin.
18:17 of 1st period - Snap shot by Steven Stamkos.
18:17 of 1st period - Shot Misses the Net.
18:19 of 1st period - Snap shot by Steven Stamkos.
18:19 of 1st period - Shot Misses the Net.
18:57 of 1st period - Wrist shot by Jakub Voracek.
18:57 of 1st period - Stopped by Semyon Varlamov with a rebound.
18:59 of 1st period - Slapshot by Jake McCabe.
18:59 of 1st period - Shot Misses the Net.
19:07 of 1st period - Snap shot by Jakub Voracek.
19:07 of 1st period - Stopped by Semyon Varlamov with a rebound.
19:09 of 1st period - Snap shot by Dustin Brown.
19:09 of 1st period - Shot Hit the Post.
19:26 of 1st period - Penalty to Shea Weber is over, Shea Weber is back on ice.
19:31 of 1st period - Slapshot by Steven Stamkos.
19:31 of 1st period - Stopped by Semyon Varlamov with a rebound.
19:33 of 1st period - Snap shot by Steven Stamkos.
19:33 of 1st period - Stopped by Semyon Varlamov with a rebound.
19:35 of 1st period - Wrist shot by Steven Stamkos.
19:35 of 1st period - Stopped by Semyon Varlamov with a rebound.
19:37 of 1st period - Wrist shot by Dustin Brown.
19:37 of 1st period - Deflect By Shea Weber.
19:37 of 1st period - Stopped by Semyon Varlamov with a rebound.
19:39 of 1st period - Wrist shot by Jakub Voracek.
19:39 of 1st period - Stopped by Semyon Varlamov without a rebound.
19:40 of 1st period - Erik Haula wins face-off versus Zack Smith in Kings zone.
Goals for this period are 0 for Kings vs 0 for Senateurs.
Shots for this period are 7 for Kings vs 10 for Senateurs.

2nd period


0:01 of 2nd period - Frans Nielsen wins face-off versus Tomas Hertl in neutral zone.
0:03 of 2nd period - Off-side.
0:04 of 2nd period - Tomas Hertl wins face-off versus Frans Nielsen in neutral zone.
0:06 of 2nd period - Off-side.
0:07 of 2nd period - Tomas Hertl wins face-off versus Frans Nielsen in neutral zone.
0:12 of 2nd period - Snap shot by Artemi Panarin.
0:12 of 2nd period - Deflect By Tomas Hertl.
0:12 of 2nd period - Shot Blocked by Dougie Hamilton.
0:12 of 2nd period - Puck is out of play.
0:13 of 2nd period - Steven Stamkos wins face-off versus Artem Anisimov in Senateurs zone.
0:13 of 2nd period - Steven Stamkos is hit by Alex Ovechkin.
0:27 of 2nd period - Wrist shot by Alex Ovechkin.
0:27 of 2nd period - Stopped by Mike Smith with a rebound.
0:41 of 2nd period - Dougie Hamilton is hit by Tomas Hertl and loses puck.
0:48 of 2nd period - Snap shot by Tomas Hertl.
0:48 of 2nd period - Shot Misses the Net.
1:25 of 2nd period - Snap shot by Artturi Lehkonen.
1:25 of 2nd period - Stopped by Mike Smith without a rebound.
1:26 of 2nd period - Lucas Wallmark wins face-off versus Artem Anisimov in Senateurs zone.
1:26 of 2nd period - Lucas Wallmark is hit by Alexander Radulov.
1:40 of 2nd period - Snap shot by Loui Eriksson.
1:40 of 2nd period - Stopped by Semyon Varlamov without a rebound.
1:41 of 2nd period - Steven Stamkos wins face-off versus Tomas Hertl in Kings zone.
2:08 of 2nd period - Wrist shot by Alexander Radulov.
2:08 of 2nd period - Shot Blocked by Jared McCann.
2:10 of 2nd period - Wrist shot by Brian Dumoulin.
2:10 of 2nd period - Deflect By Steven Stamkos.
2:10 of 2nd period - Stopped by Mike Smith without a rebound.
2:11 of 2nd period - Frans Nielsen wins face-off versus Artem Anisimov in Senateurs zone.
2:27 of 2nd period - Icing by Alex Ovechkin.
2:28 of 2nd period - Steven Stamkos wins face-off versus Artem Anisimov in Kings zone.
2:37 of 2nd period - Snap shot by Alexander Radulov.
2:37 of 2nd period - Shot Misses the Net.
2:39 of 2nd period - Snap shot by Alexander Radulov.
2:39 of 2nd period - Stopped by Mike Smith with a rebound.
2:41 of 2nd period - Slapshot by Brian Dumoulin.
2:41 of 2nd period - Shot Misses the Net.
2:43 of 2nd period - Slapshot by Alex Ovechkin.
2:43 of 2nd period - Shot Misses the Net.
2:45 of 2nd period - Slapshot by Brian Dumoulin.
2:45 of 2nd period - Deflect By Alexander Radulov.
2:45 of 2nd period - Goal by Alexander Radulov - Kings : 1 - Senateurs : 0.
2:46 of 2nd period - Tomas Hertl wins face-off versus Frans Nielsen in neutral zone.
2:59 of 2nd period - Snap shot by Artemi Panarin.
2:59 of 2nd period - Stopped by Mike Smith with a rebound.
3:23 of 2nd period - Jared McCann is hit by Alexander Radulov.
3:37 of 2nd period - Snap shot by Taro Hirose.
3:37 of 2nd period - Shot Blocked by Devin Shore.
4:02 of 2nd period - Slapshot by Shea Weber.
4:02 of 2nd period - Stopped by Mike Smith without a rebound.
4:03 of 2nd period - Frans Nielsen wins face-off versus Artemi Panarin in Senateurs zone.
4:39 of 2nd period - Danny DeKeyser is hit by Dougie Hamilton and loses puck.
5:01 of 2nd period - Slapshot by Brian Dumoulin.
5:01 of 2nd period - Shot Blocked by Jakub Voracek.
6:06 of 2nd period - Off-side.
6:07 of 2nd period - Steven Stamkos wins face-off versus Tomas Hertl in neutral zone.
7:17 of 2nd period - Jake McCabe is hit by Danny DeKeyser and loses puck.
7:22 of 2nd period - Snap shot by Taro Hirose.
7:22 of 2nd period - Deflect By Artturi Lehkonen.
7:22 of 2nd period - Shot Blocked by Dougie Hamilton.
7:22 of 2nd period - Puck is out of play.
7:23 of 2nd period - Frans Nielsen wins face-off versus Tomas Hertl in Senateurs zone.
7:28 of 2nd period - Snap shot by Tomas Hertl.
7:28 of 2nd period - Deflect By Tyler Johnson.
7:28 of 2nd period - Stopped by Mike Smith without a rebound.
7:29 of 2nd period - Dustin Brown wins face-off versus Tomas Hertl in Senateurs zone.
7:29 of 2nd period - Dustin Brown is hit by Artemi Panarin.
7:35 of 2nd period - Slapshot by Dustin Brown.
7:35 of 2nd period - Shot Misses the Net.
7:37 of 2nd period - Wrist shot by Tanner Pearson.
7:37 of 2nd period - Shot Blocked by Tomas Hertl.
7:41 of 2nd period - Wrist shot by Frans Nielsen.
7:41 of 2nd period - Shot Blocked by Shea Weber.
9:24 of 2nd period - Erik Haula is hit by Carl Dahlstrom and loses puck.
9:29 of 2nd period - Snap shot by Taro Hirose.
9:29 of 2nd period - Stopped by Mike Smith with a rebound.
9:31 of 2nd period - Wrist shot by Artturi Lehkonen.
9:31 of 2nd period - Stopped by Mike Smith with a rebound.
9:33 of 2nd period - Slapshot by Shea Weber.
9:33 of 2nd period - Stopped by Mike Smith with a rebound.
9:35 of 2nd period - Snap shot by Taro Hirose.
9:35 of 2nd period - Shot Blocked by Jake McCabe.
10:03 of 2nd period - Minor Penalty to Alex Goligoski for Hooking.
10:04 of 2nd period - Steven Stamkos wins face-off versus Zack Smith in Kings zone.
10:05 of 2nd period - Wrist shot by Jakub Voracek.
10:05 of 2nd period - Stopped by Semyon Varlamov without a rebound.
10:06 of 2nd period - Steven Stamkos wins face-off versus Zack Smith in Kings zone.
11:43 of 2nd period - Sean Kuraly is hit by Devin Shore and loses puck.
12:03 of 2nd period - Penalty to Alex Goligoski is over, Alex Goligoski is back on ice.
12:19 of 2nd period - Shea Weber is hit by Ryan Hartman and loses puck.
12:35 of 2nd period - Snap shot by Devin Shore.
12:35 of 2nd period - Shot Blocked by Artem Anisimov.
13:32 of 2nd period - Slapshot by Alex Ovechkin.
13:32 of 2nd period - Stopped by Mike Smith without a rebound.
13:33 of 2nd period - Artem Anisimov wins face-off versus Lucas Wallmark in Senateurs zone.
13:44 of 2nd period - Snap shot by Ryan Hartman.
13:44 of 2nd period - Stopped by Semyon Varlamov with a rebound.
14:05 of 2nd period - Wrist shot by Tyler Johnson.
14:05 of 2nd period - Stopped by Mike Smith without a rebound.
14:06 of 2nd period - Tyler Johnson wins face-off versus Frans Nielsen in Senateurs zone.
14:33 of 2nd period - Brian Dumoulin is hit by Dougie Hamilton and loses puck.
15:05 of 2nd period - Snap shot by Devin Shore.
15:05 of 2nd period - Shot Misses the Net.
16:12 of 2nd period - Alexander Radulov is hit by Steven Stamkos and loses puck.
16:25 of 2nd period - Slapshot by Taro Hirose.
16:25 of 2nd period - Stopped by Mike Smith with a rebound.
16:29 of 2nd period - Snap shot by Taro Hirose.
16:29 of 2nd period - Shot Blocked by Erik Gustafsson.
16:45 of 2nd period - Brian Dumoulin is hit by Ryan Hartman and loses puck.
17:13 of 2nd period - Minor Penalty to Dougie Hamilton for Interference.
17:14 of 2nd period - Steven Stamkos wins face-off versus Tomas Hertl in Senateurs zone.
17:14 of 2nd period - Steven Stamkos is hit by Artemi Panarin.
18:38 of 2nd period - Alex Goligoski is hit by Frans Nielsen and loses puck.
18:47 of 2nd period - Snap shot by Tyler Johnson.
18:47 of 2nd period - Deflect By Artemi Panarin.
18:47 of 2nd period - Stopped by Mike Smith without a rebound.
18:48 of 2nd period - Steven Stamkos wins face-off versus Artem Anisimov in Senateurs zone.
19:00 of 2nd period - Steven Stamkos is hit by Artem Anisimov and loses puck.
19:13 of 2nd period - Penalty to Dougie Hamilton is over, Dougie Hamilton is back on ice.
Goals for this period are 1 for Kings vs 0 for Senateurs.
Shots for this period are 15 for Kings vs 3 for Senateurs.

3rd period


0:01 of 3rd period - Steven Stamkos wins face-off versus Tomas Hertl in neutral zone.
0:03 of 3rd period - Minor Penalty to Jake McCabe for Slashing.
0:04 of 3rd period - Tomas Hertl wins face-off versus Dustin Brown in Senateurs zone.
0:33 of 3rd period - Icing by Shea Weber.
0:34 of 3rd period - Jakub Voracek wins face-off versus Artem Anisimov in Kings zone.
0:35 of 3rd period - Snap shot by Frans Nielsen.
0:35 of 3rd period - Shot Misses the Net.
2:03 of 3rd period - Penalty to Jake McCabe is over, Jake McCabe is back on ice.
2:03 of 3rd period - Icing by Tomas Hertl.
2:04 of 3rd period - Erik Haula wins face-off versus Tomas Hertl in Kings zone.
2:25 of 3rd period - Snap shot by Loui Eriksson.
2:25 of 3rd period - Stopped by Semyon Varlamov without a rebound.
2:26 of 3rd period - Lucas Wallmark wins face-off versus Alex Ovechkin in Kings zone.
2:35 of 3rd period - Snap shot by Ryan Hartman.
2:35 of 3rd period - Shot Misses the Net.
3:02 of 3rd period - Snap shot by Loui Eriksson.
3:02 of 3rd period - Stopped by Semyon Varlamov without a rebound.
3:03 of 3rd period - Steven Stamkos wins face-off versus Tomas Hertl in Kings zone.
3:04 of 3rd period - Snap shot by Jakub Voracek.
3:04 of 3rd period - Stopped by Semyon Varlamov with a rebound.
3:07 of 3rd period - Icing by Alex Goligoski.
3:08 of 3rd period - Steven Stamkos wins face-off versus Tomas Hertl in Kings zone.
3:15 of 3rd period - Wrist shot by Artemi Panarin.
3:15 of 3rd period - Stopped by Mike Smith with a rebound.
3:17 of 3rd period - Slapshot by Shea Weber.
3:17 of 3rd period - Shot Blocked by Christian Folin.
3:19 of 3rd period - Slapshot by Shea Weber.
3:19 of 3rd period - Stopped by Mike Smith with a rebound.
3:21 of 3rd period - Slapshot by Alex Goligoski.
3:21 of 3rd period - Shot Misses the Net.
3:23 of 3rd period - Slapshot by Shea Weber.
3:23 of 3rd period - Stopped by Mike Smith without a rebound.
3:24 of 3rd period - Frans Nielsen wins face-off versus Artem Anisimov in Senateurs zone.
3:26 of 3rd period - Minor Penalty to Dustin Brown for Tripping.
3:27 of 3rd period - Steven Stamkos wins face-off versus Tomas Hertl in Senateurs zone.
3:35 of 3rd period - Snap shot by Steven Stamkos.
3:35 of 3rd period - Goal by Steven Stamkos - Kings : 1 - Senateurs : 1.
3:36 of 3rd period - Steven Stamkos wins face-off versus Tomas Hertl in neutral zone.
5:26 of 3rd period - Penalty to Dustin Brown is over, Dustin Brown is back on ice.
6:22 of 3rd period - Icing by Alex Ovechkin.
6:23 of 3rd period - Steven Stamkos wins face-off versus Artem Anisimov in Kings zone.
6:28 of 3rd period - Snap shot by Steven Stamkos.
6:28 of 3rd period - Stopped by Semyon Varlamov with a rebound.
6:52 of 3rd period - Backhand shot by Erik Gustafsson.
6:52 of 3rd period - Stopped by Semyon Varlamov with a rebound.
7:30 of 3rd period - Snap shot by Steven Stamkos.
7:30 of 3rd period - Shot Blocked by Alex Goligoski.
7:32 of 3rd period - Wrist shot by Jakub Voracek.
7:32 of 3rd period - Stopped by Semyon Varlamov without a rebound.
7:33 of 3rd period - Tomas Hertl wins face-off versus Dustin Brown in Kings zone.
7:44 of 3rd period - Snap shot by Artemi Panarin.
7:44 of 3rd period - Deflect By Dustin Brown.
7:44 of 3rd period - Shot Blocked by Dougie Hamilton.
7:44 of 3rd period - Puck is out of play.
7:45 of 3rd period - Frans Nielsen wins face-off versus Tomas Hertl in Senateurs zone.
7:45 of 3rd period - Frans Nielsen is hit by Artemi Panarin.
8:11 of 3rd period - Alexander Radulov is hit by Jake Virtanen and loses puck.
8:42 of 3rd period - Slapshot by Lucas Wallmark.
8:42 of 3rd period - Deflect By Loui Eriksson.
8:42 of 3rd period - Deflect By Zack Smith.
8:42 of 3rd period - Shot Blocked by Alex Goligoski.
8:42 of 3rd period - Puck is out of play.
8:43 of 3rd period - Frans Nielsen wins face-off versus Tomas Hertl in Kings zone.
8:46 of 3rd period - Snap shot by Frans Nielsen.
8:46 of 3rd period - Shot Blocked by Jonas Brodin.
8:48 of 3rd period - Slapshot by Trevor van Riemsdyk.
8:48 of 3rd period - Stopped by Semyon Varlamov without a rebound.
8:49 of 3rd period - Frans Nielsen wins face-off versus Tomas Hertl in Kings zone.
8:54 of 3rd period - Wrist shot by Dustin Brown.
8:54 of 3rd period - Stopped by Semyon Varlamov without a rebound.
8:55 of 3rd period - Tomas Hertl wins face-off versus Steven Stamkos in Kings zone.
9:00 of 3rd period - Jared McCann is hit by Shea Weber and loses puck.
9:07 of 3rd period - Backhand shot by Tomas Hertl.
9:07 of 3rd period - Shot Misses the Net.
9:09 of 3rd period - Snap shot by Tyler Johnson.
9:09 of 3rd period - Stopped by Mike Smith with a rebound.
9:11 of 3rd period - Snap shot by Tomas Hertl.
9:11 of 3rd period - Shot Blocked by Jake McCabe.
9:52 of 3rd period - Snap shot by Steven Stamkos.
9:52 of 3rd period - Stopped by Semyon Varlamov without a rebound.
9:53 of 3rd period - Frans Nielsen wins face-off versus Tomas Hertl in Kings zone.
9:56 of 3rd period - Snap shot by Dustin Brown.
9:56 of 3rd period - Shot Misses the Net.
10:27 of 3rd period - Wrist shot by Artturi Lehkonen.
10:27 of 3rd period - Stopped by Mike Smith without a rebound.
10:28 of 3rd period - Erik Haula wins face-off versus Artem Anisimov in Senateurs zone.
10:53 of 3rd period - Carl Dahlstrom is hit by Christian Folin and loses puck.
11:18 of 3rd period - Taro Hirose is hit by Dougie Hamilton and loses puck.
11:35 of 3rd period - Trevor van Riemsdyk is hit by Danny DeKeyser and loses puck.
11:51 of 3rd period - Icing by Artturi Lehkonen.
11:52 of 3rd period - Frans Nielsen wins face-off versus Artem Anisimov in Kings zone.
11:53 of 3rd period - Slapshot by Dustin Brown.
11:53 of 3rd period - Shot Blocked by Carl Dahlstrom.
11:55 of 3rd period - Slapshot by Dougie Hamilton.
11:55 of 3rd period - Shot Misses the Net.
11:57 of 3rd period - Snap shot by Frans Nielsen.
11:57 of 3rd period - Stopped by Semyon Varlamov with a rebound.
11:59 of 3rd period - Snap shot by Frans Nielsen.
11:59 of 3rd period - Goal by Frans Nielsen - Kings : 1 - Senateurs : 2.
12:00 of 3rd period - Steven Stamkos wins face-off versus Artemi Panarin in neutral zone.
12:11 of 3rd period - Snap shot by Tomas Hertl.
12:11 of 3rd period - Deflect By Artemi Panarin.
12:11 of 3rd period - Shot Misses the Net.
12:11 of 3rd period - Puck is out of play.
12:12 of 3rd period - Steven Stamkos wins face-off versus Tomas Hertl in Senateurs zone.
12:19 of 3rd period - Shea Weber is hit by Jake McCabe and loses puck.
12:24 of 3rd period - Wrist shot by Jakub Voracek.
12:24 of 3rd period - Stopped by Semyon Varlamov without a rebound.
12:25 of 3rd period - Artem Anisimov wins face-off versus Steven Stamkos in Kings zone.
12:33 of 3rd period - Icing by Jakub Voracek.
12:34 of 3rd period - Steven Stamkos wins face-off versus Artem Anisimov in Senateurs zone.
12:49 of 3rd period - Snap shot by Alexander Radulov.
12:49 of 3rd period - Stopped by Mike Smith with a rebound.
12:51 of 3rd period - Slapshot by Shea Weber.
12:51 of 3rd period - Stopped by Mike Smith with a rebound.
12:53 of 3rd period - Slapshot by Alexander Radulov.
12:53 of 3rd period - Stopped by Mike Smith without a rebound.
12:54 of 3rd period - Frans Nielsen wins face-off versus Tomas Hertl in Senateurs zone.
13:20 of 3rd period - Snap shot by Steven Stamkos.
13:20 of 3rd period - Stopped by Semyon Varlamov without a rebound.
13:21 of 3rd period - Steven Stamkos wins face-off versus Artem Anisimov in Kings zone.
13:32 of 3rd period - Wrist shot by Steven Stamkos.
13:32 of 3rd period - Shot Blocked by Alex Goligoski.
13:34 of 3rd period - Snap shot by Dougie Hamilton.
13:34 of 3rd period - Deflect By Alex Ovechkin.
13:34 of 3rd period - Stopped by Semyon Varlamov without a rebound.
13:35 of 3rd period - Frans Nielsen wins face-off versus Tomas Hertl in Kings zone.
14:02 of 3rd period - Alexander Radulov is hit by Dougie Hamilton and loses puck.
14:24 of 3rd period - Off-side.
14:25 of 3rd period - Erik Haula wins face-off versus Zack Smith in neutral zone.
14:32 of 3rd period - Slapshot by Devin Shore.
14:32 of 3rd period - Stopped by Semyon Varlamov without a rebound.
14:33 of 3rd period - Tomas Hertl wins face-off versus Steven Stamkos in Kings zone.
14:41 of 3rd period - Off-side.
14:42 of 3rd period - Steven Stamkos wins face-off versus Tomas Hertl in neutral zone.
14:45 of 3rd period - Wrist shot by Dougie Hamilton.
14:45 of 3rd period - Shot Hit the Post.
14:47 of 3rd period - Slapshot by Jake McCabe.
14:47 of 3rd period - Deflect By Jakub Voracek.
14:47 of 3rd period - Shot Blocked by Alex Goligoski.
14:47 of 3rd period - Puck is out of play.
14:48 of 3rd period - Tomas Hertl wins face-off versus Steven Stamkos in Kings zone.
14:55 of 3rd period - Wrist shot by Tomas Hertl.
14:55 of 3rd period - Shot Misses the Net.
15:03 of 3rd period - Wrist shot by Tomas Hertl.
15:03 of 3rd period - Stopped by Mike Smith with a rebound.
15:05 of 3rd period - Slapshot by Artemi Panarin.
15:05 of 3rd period - Stopped by Mike Smith with a rebound.
17:04 of 3rd period - Erik Haula is hit by Alex Goligoski and loses puck.
17:13 of 3rd period - Wrist shot by Taro Hirose.
17:13 of 3rd period - Shot Blocked by Erik Haula.
17:29 of 3rd period - Slapshot by Loui Eriksson.
17:29 of 3rd period - Stopped by Semyon Varlamov with a rebound.
17:34 of 3rd period - Off-side.
17:35 of 3rd period - Steven Stamkos wins face-off versus Zack Smith in neutral zone.
18:07 of 3rd period - Wrist shot by Artemi Panarin.
18:07 of 3rd period - Stopped by Mike Smith without a rebound.
18:08 of 3rd period - Tomas Hertl wins face-off versus Erik Haula in Senateurs zone.
18:21 of 3rd period - Snap shot by Artemi Panarin.
18:21 of 3rd period - Stopped by Mike Smith with a rebound.
18:23 of 3rd period - Snap shot by Tomas Hertl.
18:23 of 3rd period - Stopped by Mike Smith without a rebound.
18:24 of 3rd period - Zack Smith wins face-off versus Lucas Wallmark in Senateurs zone.
18:49 of 3rd period - Brian Dumoulin is hit by Jakub Voracek and loses puck.
19:00 of 3rd period - Kings, Semyon Varlamov is pulled from the net.
19:00 of 3rd period - Snap shot by Zack Smith.
19:00 of 3rd period - Stopped by Mike Smith with a rebound.
19:02 of 3rd period - Slapshot by Alex Goligoski.
19:02 of 3rd period - Deflect By Taro Hirose.
19:02 of 3rd period - Goal by Taro Hirose - Kings : 2 - Senateurs : 2.
19:02 of 3rd period - Semyon Varlamov from Kings was sent back in the game.
19:03 of 3rd period - Tomas Hertl wins face-off versus Jake Virtanen in neutral zone.
19:25 of 3rd period - Minor Penalty to Jake Virtanen for Roughing.
19:26 of 3rd period - Steven Stamkos wins face-off versus Tomas Hertl in Senateurs zone.
19:43 of 3rd period - Slapshot by Tomas Hertl.
19:43 of 3rd period - Shot Blocked by Jake McCabe.
Goals for this period are 1 for Kings vs 2 for Senateurs.
Shots for this period are 15 for Kings vs 17 for Senateurs.

Overtime #1


0:01 of 1st overtime period - Steven Stamkos wins face-off versus Tomas Hertl in neutral zone.
0:08 of 1st overtime period - Wrist shot by Steven Stamkos.
0:08 of 1st overtime period - Shot Misses the Net.
0:10 of 1st overtime period - Slapshot by Jake McCabe.
0:10 of 1st overtime period - Shot Blocked by Alex Goligoski.
0:16 of 1st overtime period - Slapshot by Dougie Hamilton.
0:16 of 1st overtime period - Stopped by Semyon Varlamov without a rebound.
0:17 of 1st overtime period - Steven Stamkos wins face-off versus Tomas Hertl in Kings zone.
0:26 of 1st overtime period - Wrist shot by Steven Stamkos.
0:26 of 1st overtime period - Stopped by Semyon Varlamov with a rebound.
1:06 of 1st overtime period - Slapshot by Dougie Hamilton.
1:06 of 1st overtime period - Stopped by Semyon Varlamov with a rebound.
1:25 of 1st overtime period - Penalty to Jake Virtanen is over, Jake Virtanen is back on ice.
1:56 of 1st overtime period - Slapshot by Alex Goligoski.
1:56 of 1st overtime period - Shot Blocked by Dustin Brown.
2:10 of 1st overtime period - Wrist shot by Artemi Panarin.
2:10 of 1st overtime period - Stopped by Mike Smith without a rebound.
2:11 of 1st overtime period - Frans Nielsen wins face-off versus Alexander Radulov in Senateurs zone.
4:06 of 1st overtime period - Tyler Johnson is hit by Erik Gustafsson and loses puck.
4:21 of 1st overtime period - Backhand shot by Erik Gustafsson.
4:21 of 1st overtime period - Shot Misses the Net.
4:33 of 1st overtime period - Slapshot by Tyler Johnson.
4:33 of 1st overtime period - Shot Misses the Net.
4:35 of 1st overtime period - Wrist shot by Tyler Johnson.
4:35 of 1st overtime period - Stopped by Mike Smith with a rebound.
4:37 of 1st overtime period - Snap shot by Brian Dumoulin.
4:37 of 1st overtime period - Shot Blocked by Erik Gustafsson.
Goals for this period are 0 for Kings vs 0 for Senateurs.
Shots for this period are 2 for Kings vs 3 for Senateurs.

ShootOut


5:00 of 1st overtime period - Round #1.
5:00 of 1st overtime period - Kings, Alexander Radulov.
5:00 of 1st overtime period - Snap shot by Alexander Radulov.
5:00 of 1st overtime period - Shot Misses the Net.
5:00 of 1st overtime period - Senateurs, Steven Stamkos.
5:00 of 1st overtime period - Wrist shot by Steven Stamkos.
5:00 of 1st overtime period - Goal by Steven Stamkos.
5:00 of 1st overtime period - Round #2.
5:00 of 1st overtime period - Kings, Artemi Panarin.
5:00 of 1st overtime period - Wrist shot by Artemi Panarin.
5:00 of 1st overtime period - Stopped by Mike Smith.
5:00 of 1st overtime period - Senateurs, Dustin Brown.
5:00 of 1st overtime period - Wrist shot by Dustin Brown.
5:00 of 1st overtime period - Goal by Dustin Brown.
5:00 of 1st overtime period - Round #3.